 Dungeon Crawl Stone Soup version 0.29.1-13-g9f3cf754e1 (webtiles) character file.

Game seed: 4964746818260392797

4 thatblackman the Caller (level 1, -4/14 HPs)
             Began as a Demigod Summoner on Jan 21, 2023.
             Slain by an orc
             ... wielding a +0 mace
              (6 damage)
             ... on level 4 of the Dungeon.
             The game lasted 00:03:38 (311 turns).

thatblackman the Caller (Demigod Summoner)           Turns: 311, Time: 00:03:39

Health: -4/14      AC:  2    Str:  9    XL:     1   Next: 46%
Magic:  4/5        EV: 12    Int: 17    God:
Gold:   60         SH:  0    Dex: 14    Spells: 2/3 levels left

rFire   . . .      SeeInvis .   c - +0 spear
rCold   . . .      Faith    .   (no shield)
rNeg    + . .      Spirit   .   a - +0 robe
rPois   .          Reflect  .   (no helmet)
rElec   .          Harm     .   (no cloak)
rCorr   .          Rampage  .   (no gloves)
Will    .....                   (no boots)
Stlth   ++........              (no amulet)
HPRegen 0.04/turn               g - ring of positive energy
MPRegen 0.09/turn               (no ring)

@: no status effects
A: high MP 1, forlorn, divine attributes
a: no special abilities


You were on level 4 of the Dungeon.
You visited 1 branch of the dungeon, and saw 4 of its levels.

You collected 60 gold pieces.

Inventory:

Hand Weapons
 c - a +0 spear (weapon)
Missiles
 h - a throwing net (quivered)
 i - 9 stones
Armour
 a - a +0 robe (worn)
Jewellery
 g - a ring of positive energy (left hand)
Scrolls
 d - a scroll of enchant weapon {unknown}
 f - 3 scrolls of poison {unknown}
Potions
 b - a potion of magic
 e - a potion of curing {unknown}


   Skills:
 + Level 1.7 Dodging
 + Level 1.7 Stealth
 + Level 1.8 Spellcasting
 + Level 3.8 Summonings


You had 2 spell levels left.
You knew the following spells:

 Your Spells              Type           Power      Damage    Failure   Level
a - Summon Small Mammal   Summ           56%        N/A       4%          1

Your spell library contained the following spells:

 Spells                   Type           Power      Damage    Failure   Level
 Call Imp                 Summ           14%        N/A       6%          2
 Call Canine Familiar     Summ           14%        N/A       12%         3
 Summon Guardian Golem    Hex/Summ       8%         N/A       26%         3
 Summon Lightning Spire   Summ/Air       8%         N/A       65%         4


Dungeon Overview and Level Annotations

Branches:
Dungeon (4/15)
 Temple: D:4-7

Shops:
D:2 :


Innate Abilities, Weirdness & Mutations

You have an increased reservoir of magic. (+10% MP)
You shall have no god before yourself.
Your divine heritage dramatically boosts your attributes as you level up.


Message History

e - a green potion
There is a stone staircase leading down here.
f - 3 scrolls labelled WUTHIKL UNOI
There is a stone staircase leading down here.
You climb downwards.
Found 13 gold pieces.
There is a stone staircase leading up here.
Found a copper ring.
Found a throwing net.
g - a ring of positive energy You can't go down here!
There are no items here.
h - a throwing net
g - a ring of positive energy (left hand)
You now have 60 gold pieces (gained 13).
Found 9 stones.
Found a stone staircase leading up.
You see here 9 stones.
You see here 9 stones.
i - 9 stones You're too inexperienced to learn that spell!
A ball python comes into view.
An orc comes into view.
It is wielding a +0 mace and wearing a +2 scale mail of poison resistance.
The orc shouts!
The ball python bites you but does no damage.
The ball python closely misses you.
You hit the ball python.
You kill the ball python!
Casting: Summon Small Mammal (safe; 4% risk of failure)
Confirm with . or Enter, or press ? or * to list all spells.
The orc hits your quokka with a +0 mace.
You swap places.
The orc closely misses you.
You barely miss the orc. The orc misses you.
You barely miss the orc. The orc hits you with a +0 mace.
You closely miss the orc. The orc hits you with a +0 mace.
* * * LOW HITPOINT WARNING * * *
You hit the orc.
The orc is lightly wounded.
The orc hits you with a +0 mace.
You die...

#.##.#.######.
#.............
#####.#######.
#.# # #.# ..
#.# #.# #.# ..
# #.##.#....
#r@o......
#.....####.#.##
#.###. ##


You could see an orc (ally target) and a friendly quokka (summoned).

Vanquished Creatures
  A goblin (D:2)
  A quokka (D:2)
  A ball python (D:4)
3 creatures vanquished.

Vanquished Creatures (collateral kills)
  A bat (D:2)
1 creature vanquished.

Grand Total: 4 creatures vanquished

Notes
Turn   | Place    | Note
-------+----------+-------------------------------------------
     0 | D:1      | thatblackman the Demigod Summoner began the quest for the
                  | Orb.
     0 | D:1      | Reached XP level 1. HP: 14/14 MP: 5/5
    53 | D:2      | Found Zaot Napn's Book Boutique.
   311 | D:4      | Slain by an orc

Illustrated notes

Levels and vault maps discovered:
D:1:      saegor_arrival_simple_e, layout_loops_ring,
          chequers_ecumenical_altar_grove
D:2:      layout_basic, serial_shops, shop, minmay_tromino_i2
D:3:      layout_basic, serial_bayou, serial_bayou_shore_a,
          serial_bayou_lagoon_b, serial_bayou_crossing, serial_bayou_pond_b
D:4:      layout_loops_ring, minivault_27

Action                   || total
-------------------------++-------
Melee: Spear             ||    26
 Cast: Summon Small Mamm ||     8
Armor: Robe              ||    17
Dodge: Dodged            ||    36
